 Dungeon Crawl Stone Soup version 0.28.0-47-ge53b351184 (webtiles) character file.

Game seed: 339597286978718385

25 Zeld the Conjurer (level 2, -2/23 HPs)
             Began as a Draconian Conjurer on Apr 29, 2022.
             Slain by a phantom (5 damage)
             ... on level 3 of the Dungeon.
             The game lasted 00:01:13 (1051 turns).

Zeld the Conjurer (Draconian Conjurer)              Turns: 1051, Time: 00:01:14

Health: -2/23      AC:  4    Str:  9    XL:     2   Next: 86%
Magic:  1/5        EV: 12    Int: 18    God:
Gold:   34         SH:  0    Dex:  9    Spells: 2/5 levels left

rFire   . . .      SeeInvis .   (no weapon)
rCold   . . .      Faith    .   (no shield)
rNeg    . . .      Spirit   .   (armour unavailable)
rPois   .          Reflect  .   (helmet restricted)
rElec   .          Harm     .   (no cloak)
rCorr   .          Rampage  .   (no gloves)
Will    .....                   (no boots)
Stlth   ++........              (no amulet)
HPRegen 0.07/turn               (no ring)
MPRegen 0.09/turn               (no ring)

@: no status effects
A: AC +4, unfitting armour, cold-blooded
a: no special abilities


You were on level 3 of the Dungeon.
You visited 1 branch of the dungeon, and saw 4 of its levels.

You collected 34 gold pieces.

Inventory:

Scrolls
 b - a scroll of enchant armour {unknown}
 c - a scroll of noise {unknown}
 d - a scroll of immolation {unknown}
Potions
 a - a potion of might {unknown}


   Skills:
 * Level 1.2 Fighting
 + Level 1.9 Dodging
 + Level 2.0 Stealth
 * Level 2.3 Spellcasting
 * Level 4.2 Conjurations


You had 2 spell levels left.
You knew the following spells:

 Your Spells              Type           Power      Damage    Failure   Level
a - Magic Dart            Conj           68%        1d6       3%          1
b - Searing Ray           Conj           34%        2d5       4%          2

Your spell library contained the following spells:

 Spells                   Type           Power      Damage    Failure   Level
 Dazzling Flash           Conj/Hex       18%        N/A       22%         3
 Fulminant Prism          Conj/Hex       4%         3d6       58%         4
 Iskenderun's Mystic Bla  Conj/Tloc      9%         2d4       58%         4


Dungeon Overview and Level Annotations

Branches:
Dungeon (4/15)
 Temple: D:4-7

Altars:
Nemelex Xobeh
Okawaru
Uskayaw


Innate Abilities, Weirdness & Mutations

Your plain brown scales are hard. (AC +4)
You cannot fit into any form of body armour.
You are cold-blooded and may be slowed by cold attacks.


Message History

The phantom is heavily damaged.
The phantom barely misses you.
You hit the phantom but do no damage.
The phantom is heavily damaged.
The phantom completely misses you.
You hit the phantom but do no damage.
The phantom is heavily damaged.
The phantom hits you.
The phantom blinks!
You blink.
You hit the phantom but do no damage.
The phantom is heavily damaged.
The phantom hits you.
* * * LOW HITPOINT WARNING * * *
The phantom blinks!
You blink.
You are too injured to fight recklessly!
You are too injured to fight recklessly!
You are too injured to fight recklessly!
There is a stone staircase leading up here.
The phantom hits you.
* * * LOW HITPOINT WARNING * * *
The phantom blinks!
You blink.
You stop ascending the stairs.
Casting: Magic Dart (safe; 3% risk of failure)
Confirm with . or Enter, or press ? or * to list all spells.
Aiming: Magic Dart (safe; 3% risk of failure)
Press: ? - help, Shift-Dir - straight line, f/p - phantom
Aim: a phantom (heavily damaged, 100% to hit)
The magic dart hits the phantom but does no damage.
The phantom is heavily damaged.
The phantom barely misses you.
Unknown command.
The phantom hits you but does no damage.
There is a large open door here.
There is a stone staircase leading up here.
The phantom closely misses you.
You climb upwards.
There is a stone staircase leading down here.
The phantom hits you.
* * * LOW HITPOINT WARNING * * *
The phantom blinks!
You blink.
The phantom hits you.
You die...

.#_###_#⌠## #.###.....#
########## #.# #.....#
##.....## #.###.....#
##.......## ##.###...##
#.........####....#.########
'.........'.................
#.........####...##.########
##.......## #..W##.#
##.....## #..@##.# ##...##
####...##.## ##+##
#>.........# #.§........#
#..........# ####...#####
#...# ## #...# .# ##.##


You could see a phantom.

Vanquished Creatures
  An adder (D:3)
  A bat (D:1)
  3 endoplasms
  A goblin (D:3)
  2 hobgoblins (D:3)
  A quokka (D:2)
  2 frilled lizards
  3 kobolds
  2 rats
16 creatures vanquished.

Notes
Turn   | Place    | Note
-------+----------+-------------------------------------------
     0 | D:1      | Zeld the Draconian Conjurer began the quest for the Orb.
     0 | D:1      | Reached XP level 1. HP: 14/14 MP: 3/3
   412 | D:2      | Reached XP level 2. HP: 22/22 MP: 3/5
   440 | D:3      | Learned a level 2 spell: Searing Ray
   682 | D:3      | Found an iron altar of Okawaru.
   799 | D:3      | Found a sparkling altar of Nemelex Xobeh.
   801 | D:3      | Found a hide-covered altar of Uskayaw.
   904 | D:3      | Reached skill level 1 in Fighting
  1010 | D:4      | Noticed a phantom
  1051 | D:3      | Slain by a phantom

Illustrated notes

Levels and vault maps discovered:
D:1:      dpeg_arrival_three_same_balls, layout_basic,
          hangedman_abyss_or_decor_lesser_grid
D:2:      layout_basic, basic_altar, minmay_tree_intersection,
          minmay_randomly_rotated_circles
D:3:      layout_loops_corners, minitemple,
          shapermc_ecumenical_altar_mp_ritualfount, st_stairs_10,
          palyth_stone_intersect, minmay_liquid_box, grunt_ministairs_12
D:4:      layout_basic, uniq_ijyb

Skill      XL: |  1  2 |
---------------+-------+-----
Fighting       | 1 |  1.2
Stealth        | 2 |  2.0
Dodging        | |  1.9
Spellcasting   | |  2.3
Conjurations   | |  4.2

Action                   || total
-------------------------++-------
Melee: Unarmed           ||    21
       Tailslap          ||     3
 Cast: Magic Dart        ||    43
Armor: Skin              ||     5
Dodge: Dodged            ||    19
